 Dungeon Crawl Stone Soup version 0.22-a0-322-g60b3cfd (webtiles) character file.

3152 grindst0ne the Covert (level 9, -2/54 HPs)
             Began as an Octopode Assassin on Apr 4, 2018.
             Was a Believer of Nemelex Xobeh.
             Slain by a warg (12 damage)
             ... on level 7 of the Dungeon.
             The game lasted 00:29:31 (8624 turns).

grindst0ne the Covert (Octopode Assassin)           Turns: 8624, Time: 00:29:31

Health: -2/54      AC:  1    Str: 11    XL:     9   Next: 93%
Magic:  13/13      EV: 18    Int: 13    God:    Nemelex Xobeh [**....]
Gold:   128        SH:  0    Dex: 16    Spells: 8/8 levels left

rFire    . . .     SeeInvis +   a - +2 dagger
rCold    . . .     Gourm    .   (no shield)
rNeg     . . .     Faith    .   (helmet restricted)
rPois    .         Spirit   .   q - amulet of the acrobat
rElec    .         Reflect  .   g - ring of resist corrosion
rCorr    +         Harm     .   H - ring of see invisible
MR       .....                  (no ring)
Stlth    ++++++....             (no ring)
HPRegen  0.18/turn              (no ring)
MPRegen  0.13/turn              (no ring)
                                (no ring)
                                (no ring)

@: no status effects
A: almost no armour, stealthy swim, amphibious, 8 rings, constrict 8, camouflage
1, gelatinous body 1
a: Renounce Religion


You were on level 7 of the Dungeon.
You worshipped Nemelex Xobeh.
Nemelex Xobeh was pleased with you.
You were not hungry.

You visited 1 branch of the dungeon, and saw 7 of its levels.
You also visited: Sewer.

You collected 323 gold pieces.
You spent 195 gold pieces at shops.

Inventory:

Hand Weapons
 a - a +2 dagger (weapon)
 b - a +0 blowgun
 u - a +0 rapier
Missiles
 c - 48 poisoned needles
Jewellery
 g - a ring of resist corrosion (left tentacle)
 k - an uncursed amulet of rage
 q - an amulet of the acrobat (around mantle)
 G - an uncursed amulet of magic regeneration
 H - a ring of see invisible (right tentacle)
Wands
 t - a wand of digging (11)
 v - a wand of disintegration (11)
 z - a wand of iceblast (13)
 I - a wand of paralysis (11)
Scrolls
 d - 2 scrolls of fear {unknown}
 e - a scroll of enchant armour
 h - a scroll of amnesia
 l - 5 scrolls of teleportation {unknown}
 n - a scroll of random uselessness
 o - 5 scrolls of remove curse
 p - a scroll of immolation {unknown}
 y - a scroll of blinking {unknown}
 D - 2 scrolls of magic mapping {unknown}
 K - a scroll of identify
 L - 3 scrolls of enchant weapon {unknown}
Potions
 i - 4 potions of brilliance
 m - 2 potions of lignification {unknown}
 r - 2 potions of invisibility {unknown}
 s - a potion of flight
 x - 3 potions of haste {unknown}
 A - a potion of magic {unknown}
 B - a potion of might {unknown}
 C - 2 potions of heal wounds {unknown}
 E - a potion of berserk rage {unknown}
Miscellaneous
 j - a plain deck of escape {drawn: 4}
 w - a plain deck of summoning {drawn: 1}
 F - a plain deck of destruction {drawn: 4}
 J - a plain deck of escape
Comestibles
 f - 12 rations


   Skills:
 - Level 2.0 Fighting
 - Level 2.0 Short Blades
 - Level 5.1 Throwing
 + Level 7.2 Dodging
 + Level 11.3 Stealth
 + Level 5.6 Invocations
 + Level 5.7 Evocations


You had 8 spell levels left.
You didn't know any spells.

Dungeon Overview and Level Annotations

Branches:
Dungeon (7/15)             Temple (0/1) D:7

Altars:
Dithmenos
Fedhas
Gozag
Hepliaklqana
Makhleb
Nemelex Xobeh
Sif Muna
Trog
Xom
Zin
The Shining One

Shops:
D:6 =


Innate Abilities, Weirdness & Mutations

You cannot wear most types of armour.
You are very stealthy in the water. (Stealth+)
You are amphibious.
You can wear up to eight rings at the same time.
You can use your tentacles to constrict eight enemies at once.
Your skin changes colour to match your surroundings (Stealth+).
Your rubbery body absorbs attacks. (AC +1, EV +1)


Message History

Your centaur hits the warg with a shortbow.
The warg bites your centaur!
Your centaur dies!
Your centaur's corpse disappears in a puff of smoke!
The warg closely misses you. The warg completely misses you.
The warg barely misses you.
You hit the warg.
The warg is almost dead.
The warg bites you! x2
* * * LOW HITPOINT WARNING * * *
Okay, then.
Okay, then.
Okay, then.
Evoke which item? (* to show all) (? for menu, Esc to quit)
You draw a card...
It is the Tomb.
Walls emerge from the floor!
The warg bites you.
* * * LOW HITPOINT WARNING * * *
The warg misses you. The warg bites you!
You die...
Your body disappears without a glow.

#.≈≈≈....#
#.≈≈≈..P.#
#.≈≈≈....#
#.≈≈≈....#
#.≈≈≈....#
#.≈≈≈....#
#+###≈≈....#
#########...#≈≈###.#
...h....#.oo#≈≈#@#.#
≈≈≈≈≈≈≈≈#####≈≈hh#.#
≈≈≈≈≈≈≈≈≈≈≈≈≈≈≈....#
≈≈≈≈≈≈≈≈≈≈≈≈≈≈†....#
....P.......†......#
............P......#
####################


You could see 2 wargs.

Vanquished Creatures
  Pikel (D:4)
  Grinder (D:4)
  A steam dragon (D:7)
  A warg (D:7)
  Duvessa (D:6)
  3 slaves (D:4)
  A phantom (D:7)
  2 sky beasts
  3 ogres
  4 big kobolds (Sewer)
  A centaur (D:6)
  Dowan (D:6)
  A scorpion (D:4)
  A howler monkey (D:4)
  4 crimson imps
  A centaur zombie (D:5)
  An orc priest (D:3)
  3 hounds
  A jelly (D:6)
  A centaur skeleton (D:5)
  Natasha (twice) (D:3)
  7 worker ants
  A hound zombie (D:7)
  5 gnolls
  13 adders
  2 oozes
  6 worms
  2 dart slugs (D:1)
  3 leopard geckos
  10 orcs
  9 bats
  8 giant cockroaches
  9 goblins
  9 hobgoblins
  13 kobolds
  2 quokkas
  4 ball pythons
  6 frilled lizards
  A leopard gecko skeleton (D:6)
  2 quokka zombies
  11 rats
158 creatures vanquished.

Vanquished Creatures (collateral kills)
  5 wargs (D:7)
  A hound (D:7)
  A jelly (D:6)
  2 orc wizards (D:6)
  An ooze (D:6)
  An adder skeleton (D:6)
  2 orcs (D:6)
  A jackal (D:6)
14 creatures vanquished.

Vanquished Creatures (others)
  A wizard (D:4)
1 creature vanquished.

Grand Total: 173 creatures vanquished

Notes
Turn   | Place    | Note
-------+----------+-------------------------------------------
     0 | D:1      | grindst0ne the Octopode Assassin began the quest for the Orb.
     0 | D:1      | Reached XP level 1. HP: 14/14 MP: 1/1
   207 | D:1      | Reached XP level 2. HP: 9/19 MP: 2/2
   632 | D:1      | Reached XP level 3. HP: 14/24 MP: 3/3
   917 | D:1      | Reached skill level 6 in Stealth
  1073 | D:2      | Found a burning altar of Makhleb.
  1128 | D:2      | Reached XP level 4. HP: 29/29 MP: 4/4
  1180 | D:2      | Found a deep blue altar of Sif Muna.
  1273 | D:2      | Found an opulent altar of Gozag.
  1470 | D:2      | Found a sparkling altar of Nemelex Xobeh.
  1537 | D:2      | Became a worshipper of Nemelex Xobeh the Trickster
  1768 | D:2      | Received a gift from Nemelex Xobeh
  1789 | D:2      | Found a blossoming altar of Fedhas.
  2233 | D:3      | Reached XP level 5. HP: 32/34 MP: 5/5
  2506 | D:3      | Noticed Natasha
  2523 | D:3      | Killed Natasha
  2533 | D:3      | Noticed Natasha
  2536 | D:3      | Killed Natasha
  2588 | D:3      | Reached skill level 7 in Stealth
  2595 | D:3      | Reached XP level 6. HP: 11/39 MP: 6/6
  3011 | D:4      | Found a bloodstained altar of Trog.
  3026 | D:4      | Noticed Grinder
  3072 | D:4      | Noticed a slave
  3072 | D:4      | Noticed a slave
  3094 | D:4      | Killed a slave
  3098 | D:4      | Noticed a wizard
  3100 | D:4      | Killed a wizard
  3396 | D:4      | Reached * piety under Nemelex Xobeh
  3509 | D:4      | Found a glowing drain.
  3536 | Sewer    | Entered a sewer
  3921 | Sewer    | Reached XP level 7. HP: 45/45 MP: 7/7
  3923 | Sewer    | Reached skill level 8 in Stealth
  4365 | Sewer    | Reached skill level 5 in Throwing
  4854 | D:4      | Paralysed by Grinder for 4 turns
  4874 | D:4      | Killed Grinder
  4874 | D:4      | Reached skill level 5 in Dodging
  4874 | D:4      | Reached skill level 9 in Stealth
  4874 | D:4      | Reached skill level 1 in Invocations
  4874 | D:4      | Reached skill level 1 in Evocations
  4874 | D:4      | Reached XP level 8. HP: 20/50 MP: 7/9
  5258 | D:4      | Noticed Pikel
  5279 | D:4      | Killed Pikel
  5480 | D:5      | Entered Level 5 of the Dungeon
  5558 | D:5      | Received a gift from Nemelex Xobeh
  5721 | D:5      | Reached skill level 10 in Stealth
  5819 | D:5      | Found a glowing golden altar of the Shining One.
  5831 | D:5      | Reached XP level 9. HP: 54/54 MP: 11/11
  5984 | D:5      | Reached ** piety under Nemelex Xobeh
  6083 | D:5      | Received a gift from Nemelex Xobeh
  6095 | D:5      | Found a glowing golden altar of the Shining One.
  6418 | D:6      | Found Poluogge's Jewellery Shoppe.
  6535 | D:6      | Bought an uncursed ring of see invisible for 195 gold pieces
  7073 | D:6      | Received a gift from Nemelex Xobeh
  7096 | D:6      | Noticed Duvessa
  7096 | D:6      | Noticed Dowan
  7117 | D:6      | Killed Duvessa
  7119 | D:6      | Killed Dowan
  7410 | D:6      | Found a hazy altar of Hepliaklqana.
  7410 | D:6      | Found a shadowy altar of Dithmenos.
  7580 | D:6      | Found a bloodstained altar of Trog.
  7851 | D:7      | Found a glowing silver altar of Zin.
  7853 | D:7      | Noticed an angel
  8127 | D:7      | Found a shimmering altar of Xom.
  8134 | D:7      | Found a staircase to the Ecumenical Temple.
  8137 | D:7      | Reached skill level 5 in Invocations
  8137 | D:7      | Reached skill level 5 in Evocations
  8194 | D:7      | Reached skill level 11 in Stealth
  8423 | D:7      | Found a bloodstained altar of Trog.
  8557 | D:7      | Received a gift from Nemelex Xobeh
  8624 | D:7      | Slain by a warg

Vault maps used:
D:1:      ncdulo_watergridlock
D:2:      fedhas_altar_fruit_tree, nemelex_xobeh_ov_fountains_minmay,
          nicolae_overflow_crystal_walls, nicolae_overflow_hidden_temple,
          lemuel_doored_altar
D:3:      uniq_natasha
D:4:      portal_sewer_entry_e, first_ration, trog_wizard, uniq_grinder,
          uniq_pikel
D:5:      kennysheep_mini, supply_closet_lemuel, nicolae_tso_swordbearing_angel
D:6:      gammafunk_temple_overflow_wave, serial_shops, shop_statue,
          st_stairs_8, trog_hazing_becter, uniq_duvessa
D:7:      lemuel_castle_with_subvaults, grunt_temple_overflow_order_and_chaos_1,
          kennysheep_mini_moat, minmay_temple_entry_steel_oval
Sewer:    sewer_co_15_rooms

Skill      XL: |  1  2  3  4  5  6  7  8  9 |
---------------+----------------------------+-----
Dodging        | 2 3 4 5 6 7 |  7.2
Stealth        | 6 7 9 10 11 | 11.3
Throwing       | 3 4 5 |  5.1
Invocations    | 1 3 5 |  5.6
Evocations     | 1 3 5 |  5.7
Fighting       | |  2.0
Short Blades   | |  2.0

Action                   |  1- 3 |  4- 6 |  7- 9 || total
-------------------------+-------+-------+-------++-------
Melee: Dagger            |    58 |    76 |   176 ||   310
       Constrict         |    11 |    21 |    27 ||    59
       Tentacles         |     5 |    22 |    50 ||    77
       Rapier            |       |    17 |       ||    17
 Fire: Blowgun           |     3 |    58 |    83 ||   144
Throw: Throwing net      |       |       |     1 ||     1
Evoke: Deck              |       |       |    15 ||    15
       Wand              |       |       |     6 ||     6
  Use: Scroll            |       |     8 |       ||     8
       Potion            |       |     1 |     2 ||     3
 Stab: Sleeping          |     6 |    15 |    17 ||    38
       Distracted        |       |     1 |     1 ||     2
       Confused          |       |       |     1 ||     1
       Held in net/web   |       |       |     1 ||     1
  Eat: Chunk             |     1 |     8 |     8 ||    17
       Ration            |       |       |     2 ||     2
Armor: Skin              |     4 |     5 |     2 ||    11
Dodge: Dodged            |    35 |    60 |   114 ||   209

Table legend:
 A = Spawn XP
 B = Non-spawn XP
 C = Spawn XP percentage of total XP
 D = Spawn monster count
 E = Non-spawn monster count
 F = Spawn count percentage of total count
 G = Total turns spent on level
                    A         B        C        D         E        F      G
               +---------+---------+-------+---------+---------+-------+---------
         Total |       0 |    4504 |   0.0 |       0 |     169 |   0.0 |  8624
               +---------+---------+-------+---------+---------+-------+---------
           D:1 |       0 |      72 |   0.0 |       0 |      22 |   0.0 |  1071
           D:2 |       0 |      28 |   0.0 |       0 |      15 |   0.0 |   799
           D:3 |       0 |     229 |   0.0 |       0 |      29 |   0.0 |  1136
           D:4 |       0 |    1283 |   0.0 |       0 |      20 |   0.0 |  1436
           D:5 |       0 |     305 |   0.0 |       0 |       9 |   0.0 |   924
           D:6 |       0 |     866 |   0.0 |       0 |      31 |   0.0 |  1391
           D:7 |       0 |    1201 |   0.0 |       0 |      19 |   0.0 |   829
         Sewer |       0 |     520 |   0.0 |       0 |      24 |   0.0 |  1038
               +---------+---------+-------+---------+---------+-------+---------
